 Dungeon Crawl Stone Soup version 0.30.0-19-g36f170ea60 (webtiles) character file.

Game seed: 5932981354222847891

800281 olmar the Conqueror (level 27, -8/269 (273) HPs)
             Began as a Minotaur Fighter on May 26, 2023.
             Was an Initiate of Gozag.
             Mangled by a reaper
             ... wielding a +1 heavy scythe
             ... called by a doom hound
              (11 damage)
             ... on level 7 of Tartarus on May 27, 2023.
             The game lasted 03:17:04 (80029 turns).

olmar the Conqueror (Minotaur Fighter)             Turns: 80029, Time: 03:17:05

HP:   -8/269 (273)  AC: 39    Str: 44    XL:     27
MP:   22/22         EV:  6    Int: 12    God:    Gozag
Gold: 726           SH: 34    Dex:  7    Spells: 26/26 levels left

rFire   + + .        J - +9 sacred scourge (holy)
rCold   + + +        h - +18 shield of the Gong {Loud rN+ Will+ rCorr EV-5}
rNeg    + + .        Z - +9 scales of the Dragon King {rPois rF+ rC+ Will+}
rPois   +            O - +0 hat {Will+}
rElec   +            f - scarf of Nalegefe {repulsion, rC+ Str-2 Int+3}
rCorr   +            r - +1 pair of gloves "Axuhuop" {Str+2 Slay+5}
SInv    +            H - +2 pair of boots "Jomes" {rC+ Str+4 Dex-4}
Will    ++...        t - amulet "Zeuniz" {Regen+ rCorr}
Stlth   +            j - ring "Maluarph" {rN+ Int+6 Stlth+}
HPRegen 1.44/turn    G - ring "Gimaog" {Str+6 SInv}
MPRegen 0.18/turn

%: repel missiles, clarity
@: mighty, brilliant, resistant, doom-hounded, hasted and slowed, studying
Unarmed Combat, silenced, lightly drained, invisible, weak-willed
A: horns 2, retaliatory headbutt, iridescent scales 1, clarity, deformed body,
dopey 1, screaming 1, subdued magic 1, inability to read after injury 1
}: 7/15 runes: barnacled, slimy, silver, iron, icy, abyssal, gossamer
a: Renounce Religion


You were on level 7 of Tartarus.
You worshipped Gozag.
Gozag was pleased with you.
You visited 14 branches of the dungeon, and saw 73 of its levels.
You visited the Abyss 1 time.
You also visited: Trove, Ossuary, Ice Cave and Desolation.

You collected 36792 gold pieces.
You spent 14384 gold pieces at shops.
You paid 21682 gold pieces to Gozag.

Inventory:

Hand Weapons
 J - a +9 sacred scourge of holy wrath (weapon)
Missiles
 N - 13 silver javelins (quivered)
Armour
 f - the scarf of Nalegefe (worn) {repulsion, rC+ Str-2 Int+3}
   (You found it in a treasure trove)

   Str:       It affects your strength (-2).
   Int:       It affects your intelligence (+3).
   rC:        It protects you from cold.
 h - the +18 shield of the Gong (worn) {Loud rN+ Will+ rCorr EV-5}
   (You found it on level 7 of the Iron City of Dis)

   Loud:      It is deafeningly noisy when blocking attacks.
   EV:        It affects your evasion (-5).
   rN:        It protects you from negative energy.
   rCorr:     It protects you from acid and corrosion.
   Will:      It increases your willpower.
 r - the +1 pair of gloves "Axuhuop" (worn) {Str+2 Slay+5}
   (You bought it in a shop on level 1 of the Elven Halls)

   Str:       It affects your strength (+2).
   Slay:      It affects your accuracy & damage with ranged weapons and melee
   (+5).
 H - the +2 pair of boots "Jomes" (worn) {rC+ Str+4 Dex-4}
   (You bought it in a shop on level 1 of the Lair of Beasts)

   Str:       It affects your strength (+4).
   Dex:       It affects your dexterity (-4).
   rC:        It protects you from cold.
 O - a +0 hat of willpower (worn)
 Z - the +9 scales of the Dragon King (worn) {rPois rF+ rC+ Will+}
   (You bought it in a shop on level 2 of the Depths)

   rF:        It protects you from fire.
   rC:        It protects you from cold.
   rPois:     It protects you from poison.
   Will:      It increases your willpower.
Jewellery
 e - the ring of Wahocov {rF+ rCorr Int+4 SInv}
   (You found it on level 7 of the Iron City of Dis)

   [ring of protection from fire]

   Int:       It affects your intelligence (+4).
   rF:        It protects you from fire.
   SInv:      It lets you see invisible.
   rCorr:     It protects you from acid and corrosion.
 g - the ring of the Unkillable {rElec rPois Will+ Dex+2}
   (You found it on level 5 of the Vaults)

   [ring of willpower]

   Dex:       It affects your dexterity (+2).
   rElec:     It insulates you from electricity.
   rPois:     It protects you from poison.
   Will:      It increases your willpower.
 j - the ring "Maluarph" (left hand) {rN+ Int+6 Stlth+}
   (You found it in the Desolation of Salt)

   [ring of intelligence]

   Int:       It affects your intelligence (+6).
   rN:        It protects you from negative energy.
   Stlth:     It makes you more stealthy.
 t - the amulet "Zeuniz" (around neck) {Regen+ rCorr}
   (You bought it in a shop on level 4 of the Vaults)

   [amulet of regeneration]

   Regen:     It increases your rate of health regeneration.
   rCorr:     It protects you from acid and corrosion.
 v - the ring of Qymudev {rCorr SInv}
   (You took it off a deep elf demonologist on level 3 of the Elven Halls)

   [ring of resist corrosion]

   SInv:      It lets you see invisible.
   rCorr:     It protects you from acid and corrosion.
 G - the ring "Gimaog" (right hand) {Str+6 SInv}
   (You bought it in a shop on level 4 of the Vaults)

   [ring of strength]

   Str:       It affects your strength (+6).
   SInv:      It lets you see invisible.
 W - the ring of Noem {rElec rPois rN+ Will- MP+9}
   (You took it off an ironbound preserver on level 5 of the Vaults)

   [ring of magical power]

   rElec:     It insulates you from electricity.
   rPois:     It protects you from poison.
   rN:        It protects you from negative energy.
   MP:        It affects your magic capacity (+9).
   Will:      It decreases your willpower.
 X - the ring "Housmicae" {Fly rF+ rC+ Int-2}
   (You took it off a ragged hierophant in the Desolation of Salt)

   [ring of flight]

   Int:       It affects your intelligence (-2).
   rF:        It protects you from fire.
   rC:        It protects you from cold.
   Fly:       It grants you flight.
Wands
 c - a wand of polymorph (10)
 d - a wand of flame (25)
 B - a wand of iceblast (47)
 D - a wand of charming (37)
 E - a wand of digging (22)
 V - a wand of mindburst (16)
Scrolls
 l - 5 scrolls of fog
 o - 14 scrolls of fear
 s - 9 scrolls of poison
 u - 7 scrolls of silence
 w - 3 scrolls of enchant weapon
 y - 7 scrolls of enchant armour
 C - 3 scrolls of summoning
 I - 7 scrolls of magic mapping
 L - 3 scrolls of blinking
 M - 7 scrolls of brand weapon
 S - a scroll of teleportation
Potions
 a - a potion of cancellation
 i - 16 potions of lignification
 k - 4 potions of haste
 m - 3 potions of ambrosia
 q - 8 potions of mutation
 x - 2 potions of berserk rage
 z - 13 potions of attraction
 A - 6 potions of resistance
 F - a potion of invisibility
 K - 3 potions of might
 P - 7 potions of curing
 T - 9 potions of flight
Miscellaneous
 b - a box of beasts (inert)
 Q - the horn of Geryon
 U - a tin of tremorstones (2/2)


   Skills:
 O Level 27 Fighting
 O Level 27 Maces & Flails
 + Level 10.7 Throwing
 O Level 27 Armour
 + Level 8.9 Dodging
 + Level 21.6 Stealth
 O Level 27 Shields
 + Level 19.2 Evocations


You had 26 spell levels left.
You didn't know any spells.
Your spell library contained the following spells:

 Spells                   Type           Power      Damage    Failure   Level
 Apportation              Tloc           0%         N/A       67%         1
 Beastly Appendage        Tmut           0%         N/A       67%         1
 Foxfire                  Conj/Fire      0%         2x1d4     67%         1
 Freeze                   Ice            0%         1d3       67%         1
 Kiss of Death            Conj/Necr      0%         2d5       67%         1
 Magic Dart               Conj           0%         1d3       67%         1
 Necrotise                Necr           0%         1d4       67%         1
 Sandblast                Erth           0%         2d4       67%         1
 Shock                    Conj/Air       0%         1d3       67%         1
 Slow                     Hex            0%         N/A       67%         1
 Sting                    Tmut/Pois      0%         1d3       67%         1
 Call Imp                 Summ           0%         N/A       82%         2
 Ensorcelled Hibernation  Hex/Ice        0%         N/A       82%         2
 Lesser Beckoning         Tloc           0%         N/A       82%         2
 Passwall                 Tmut/Erth      0%         N/A       82%         2
 Poisonous Vapours        Pois/Air       0%         N/A       82%         2
 Scorch                   Fire           0%         2d5       82%         2
 Searing Ray              Conj           0%         2d4       82%         2
 Sublimation of Blood     Necr           0%         N/A       82%         2
 Wereblood                Tmut           0%         N/A       82%         2
 Call Canine Familiar     Summ           0%         N/A       96%         3
 Confusing Touch          Hex            0%         N/A       96%         3
 Dazzling Flash           Conj/Hex       0%         N/A       96%         3
 Gell's Gravitas          Tloc           0%         N/A       96%         3
 Hailstorm                Conj/Ice       0%         3d3       96%         3
 Ignite Poison            Fire/Tmut/Pois 0%         N/A       96%         3
 Inner Flame              Hex/Fire       0%         N/A       96%         3
 Mephitic Cloud           Conj/Pois/Air  0%         N/A       96%         3
 Ozocubu's Armour         Ice            0%         N/A       96%         3
 Portal Projectile        Hex/Tloc       0%         N/A       96%         3
 Spider Form              Tmut/Pois      0%         N/A       96%         3
 Stone Arrow              Conj/Erth      0%         3d7       96%         3
 Summon Guardian Golem    Hex/Summ       0%         N/A       96%         3
 Swiftness                Air            0%         N/A       96%         3
 Teleport Other           Tloc           0%         N/A       96%         3
 Vampiric Draining        Necr           0%         2d6       96%         3
 Volatile Blastmotes      Fire/Tloc      0%         2d10      96%         3
 Airstrike                Air            0%         2d(0-16)  100%        4
 Animate Armour           Summ/Erth      0%         N/A       100%        4
 Cause Fear               Hex            0%         N/A       100%        4
 Flame Wave               Conj/Fire      0%         2d4       100%        4
 Fulminant Prism          Conj/Hex       0%         3d5       100%        4
 Ice Form                 Ice/Tmut       0%         N/A       100%        4
 Leda's Liquefaction      Hex/Erth       0%         N/A       100%        4
 Olgreb's Toxic Radiance  Pois           0%         N/A       100%        4
 Petrify                  Tmut/Erth      0%         N/A       100%        4
 Sticky Flame             Conj/Fire      0%         2d3       100%        4
 Summon Ice Beast         Ice/Summ       0%         N/A       100%        4
 Summon Lightning Spire   Summ/Air       0%         N/A       100%        4
 Agony                    Necr           0%         N/A       100%        5
 Alistair's Intoxication  Tmut/Pois      0%         N/A       100%        5
 Blade Hands              Tmut           0%         N/A       100%        5
 Fireball                 Conj/Fire      0%         3d3       100%        5
 Freezing Cloud           Conj/Ice/Air   0%         6-21      100%        5
 Irradiate                Conj/Tmut      0%         3d11      100%        5
 Iskenderun's Battlesphe  Conj           0%         2d6       100%        5
 Metabolic Englaciation   Hex/Ice        0%         N/A       100%        5
 Summon Forest            Summ/Tloc      0%         N/A       100%        5
 Yara's Violent Unravell  Hex/Tmut       0%         3d3       100%        5
 Conjure Ball Lightning   Conj/Air       0%         3x3d6     100%        6
 Eringya's Noxious Bog    Tmut/Pois      0%         N/A       100%        6
 Iron Shot                Conj/Erth      0%         9d1       100%        6
 Starburst                Conj/Fire      0%         6d3       100%        6
 Summon Cactus Giant      Summ           0%         N/A       100%        6
 Dragon Form              Tmut           0%         N/A       100%        7
 Enfeeble                 Hex            0%         N/A       100%        7
 Orb of Destruction       Conj           0%         9d5       100%        7
 Spellforged Servitor     Conj/Summ      0%         N/A       100%        7
 Storm Form               Tmut/Air       0%         N/A       100%        7
 Summon Hydra             Summ           0%         N/A       100%        7
 Discord                  Hex            0%         N/A       100%        8
 Disjunction              Tloc           0%         N/A       100%        8
 Ignition                 Fire           0%         3d3       100%        8
 Maxwell's Capacitive Co  Air            0%         ∞         100%        8
 Dragon's Call            Summ           0%         N/A       100%        9
 Fire Storm               Conj/Fire      0%         5d1       100%        9
 Polar Vortex             Ice            0%         N/A       100%        9
 Simulacrum               Ice/Necr       Unusable   N/A       N/A         6

Dungeon Overview and Level Annotations

Branches:
Dungeon (15/15)            Temple (0/1) D:4            Lair (5/5) D:8
 Shoals (4/4) Lair:2       Spider (4/4) Lair:2        Slime (5/5) Lair:4
    Orc (2/2) D:10            Elf (3/3) Orc:2        Vaults (5/5) D:13
  Crypt (0/3) Vaults:2     Depths (4/4) D:15           Hell (visited)
    Dis (7/7) Hell            Geh (0/7) Hell            Coc (7/7) Hell
    Tar (7/7) Hell            Zot (5/5) Depths:4    Ossuary (visited)
  IceCv (visited)         Desolation (visited)

Altars:
Elyvilon
Fedhas
Gozag
Hepliaklqana
Kikubaaqudgha
Nemelex Xobeh
Okawaru
Qazlal
Trog
Uskayaw
Vehumet
Wu Jian
Yredelemnul
Zin
The Shining One
Jiyva

Shops:
D:1 ![*(   D:9 *   D:10 ?   D:14 =   Orc:2 ([[!:?!   Elf:1 ([[   Elf:3 ?
Lair:1 [   Lair:2 [   Spider:4 *(   Vaults:1 (   Vaults:2 :   Vaults:3 :
Vaults:4 =   Vaults:5 *   Hell *   Zot:4 ((   Depths:2 [   Depths:3 ::=[

Portals:
Hell: Depths:1 Depths:2 Depths:3 Depths:4
Abyss: Vaults:2 Depths:3
Pandemonium: Depths:2
Ziggurat: Depths:3

Annotations:
D:9 1 runed translucent door
Lair:3 exclusion: 3 oklob plants
Lair:4 3 runed translucent doors, olddryhag's ghost, journeyman MfMo
Vaults:2 1 transporter, quaternion's ghost, veteran MiFi
Tar:2 36 runed doors
Tar:7 Ereshkigal


Innate Abilities, Weirdness & Mutations

You have a pair of horns on your head.
You reflexively headbutt those who attack you in melee.
You are partially covered in iridescent scales. (AC +2)
You possess an exceptional clarity of mind.
Armour fits poorly on your strangely shaped body.
You are dopey. (Int -2)
You occasionally shout uncontrollably at your foes.
Your spells are a little easier to cast, but a little less powerful.
You occasionally lose the ability to read scrolls when taking damage.


Message History

Unknown command.
You feel better. You block Ereshkigal's attack.
You block the doom hound's attack. The doom hound claws you.
* * * LOW HITPOINT WARNING * * *
You block the Tzitzimitl's attack. The Tzitzimitl bites you.
* * * LOW HITPOINT WARNING * * *
You block the putrid mouth's attack.
The putrid mouth claws you but does no damage.
The reaper barely misses you. The bone dragon bites you.
* * * LOW HITPOINT WARNING * * *
The bone dragon claws you but does no damage.
You block the bone dragon's attack. Ereshkigal hits you but does no damage.
The doom hound bites you but does no damage.
The doom hound barely misses you.
The bone dragon bites you but does no damage.
The bone dragon claws you but does no damage.
The bone dragon tramples you.
* * * LOW HITPOINT WARNING * * *
You hold your ground!
Unknown command.
Unknown command.
Unknown command.
Okay, then.
You feel better. You block the Tzitzimitl's attack.
The Tzitzimitl bites you but does no damage.
You block Ereshkigal's attack. The doom hound bites you.
* * * LOW HITPOINT WARNING * * *
You block the doom hound's attack. You block the bone dragon's attack.
The bone dragon claws you.
* * * LOW HITPOINT WARNING * * *
The bone dragon tramples you but does no damage.
The putrid mouth bites you!
* * * LOW HITPOINT WARNING * * *
The putrid mouth claws you but does no damage.
The bone dragon bites you but does no damage.
The bone dragon claws you but does no damage.
The bone dragon barely misses you.
The reaper hits you from afar with a +1 heavy scythe!
You die...
Your body crumbles into a pile of gold. $$$$ $$$$$

$$ $$ ######'#
###1§....##
##D@&1§.....##
#.WhD2.§.....#
#.8W1§.....8.#
#..§§§.......##
#..............#
#..8........8..#
#..............#
##............#
#.8....$...8.#


You could see Ereshkigal (silencing, unsilenced), 2 bone dragons, a doom hound
(unsilenced), 3 Tzitzimimeh, a reaper, a putrid mouth and a shadow wraith
(invisible).

Vanquished Creatures
  Antaeus (Coc:7)
  the Royal Jelly (Slime:5)
  the Serpent of Hell (Dis:7)
  Dispater (Dis:7)
  3 dread liches
  2 ancient liches
  2 orbs of fire (Zot:2)
  2 juggernauts (Dis:7)
  Mennas (Vaults:4)
  Bai Suzhen (Vaults:4)
  A Killer Klown (Zot:5)
  12 shard shrikes
  2 curse toes
  38 caustic shrikes
  Nikola (Shoals:1)
  Geryon (Hell)
  9 golden dragons
  3 profane servitors
  16 bone dragons
  Arachne (Spider:4)
  9 Tzitzimimeh
  2 electric golems
  A hellephant (Hell)
  12 iron giants
  Jorgrun (D:15)
  10 doom hounds
  12 tentacled monstrosities
  24 Ice Fiends
  The ghost of twolf1369 the Hoplite, an adept MiFi of Okawaru (Spider:4)
  9 tainted leviathans
  19 Hell Sentinels
  A spectral shard shrike (Tar:7)
  7 Orb Guardians (Zot:5)
  19 acid blobs
  8 titans
  2 deep elf master archers (Elf:3)
  2 deep elf blademasters
  6 tentacled starspawn
  A kraken (Abyss:4)
  26 ancient champions
  4 quicksilver dragons
  9 sphinxes
  Gastronok (D:11)
  7 tengu reavers
  7 shadow dragons
  15 storm dragons
  15 azure jellies
  10 death cobs
  10 fire giants
  A revenant (Hell)
  12 rockslimes
  A daeva (Abyss:4)
  3 fenstrider witches (Depths:2)
  10 narguns
  6 draconian knights
  6 draconian monks
  11 quicksilver elementals
  6 emperor scorpions
  2 spectral juggernauts
  17 vault wardens
  6 draconian scorchers
  5 deep elf sorcerers
  An imperial myrmidon (Desolation)
  7 iron dragons
  13 frost giants
  A balrug (Depths:2)
  7 shard shrike simulacra
  9 ghost moths
  5 deep elf elementalists (Elf:3)
  3 spectral caustic shrikes
  6 draconian stormcallers
  Aizul (Vaults:1)
  17 ironbound preservers
  An angel (Abyss:3)
  2 juggernaut zombies
  10 quicksilver oozes
  6 draconian shifters
  8 reapers
  7 broodmothers
  18 war gargoyles
  8 ironbound thunderhulks
  7 draconian annihilators
  13 stone giants
  12 green draconians
  14 elemental wellsprings
  25 very ugly things
  6 vampire knights
  5 deep elf demonologists
  An ophan (Abyss:3)
  10 deep elf annihilators
  3 red draconians
  16 wendigos
  A spectral titan (Tar:4)
  4 putrid mouths (Tar:5)
  10 black draconians
  10 white draconians
  Azrael (Orc:2)
  2 lorocyprocas
  2 halazid warlocks (Desolation)
  A minotaur (Shoals:2)
  7 yellow draconians
  15 purple draconians
  2 spark wasps (Depths:2)
  6 dire elephants
  2 blizzard demons (Hell)
  2 ettins (Vaults:5)
  12 iron golems
  6 ragged hierophants (Desolation)
  5 deep elf death magi
  5 crystal guardians
  6 merfolk javelineers
  11 fire dragons
  7 entropy weavers
  2 spriggan zombies (Hell)
  A great orb of eyes (shapeshifter) (Vaults:5)
  14 yaktaur captains
  A shambling mangrove (Abyss:4)
  12 merfolk impalers
  9 great orbs of eyes
  A catoblepas (Lair:5)
  A spectral spriggan (Tar:4)
  8 rakshasas
  5 deep elf high priests
  9 ice dragons
  9 servants of whispers
  Harold (Lair:1)
  9 caustic shrike simulacra
  6 hydras
  30 vault guards
  6 spriggan air magi
  26 centaur warriors
  8 juggernaut simulacra
  2 ogre magi
  10 ironbound frosthearts
  6 peacekeepers
  A ghost crab (Abyss:4)
  4 radroaches
  4 jorogumos
  2 merfolk avatars
  3 alligator snapping turtles
  26 dancing weapons
  10 boulder beetles
  A satyr (Shoals:2)
  A death yak (shapeshifter) (Elf:3)
  4 deep troll earth magi
  4 thrashing horrors
  9 merfolk aquamancers
  12 death yaks
  7 hell hogs
  A spectral dire elephant (Tar:1)
  7 tengu warriors
  4 deep troll shamans
  Nergalle (Lair:2)
  Urug (Lair:1)
  6 spriggan berserkers
  8 two-headed ogres
  14 deep elf knights
  2 vampire magi
  9 hell knights
  16 crystal echidnas
  6 sun demons
  A fire crab (Abyss:4)
  3 soul eaters
  5 skysharks
  8 iron trolls
  3 wretched stars
  A sixfirhy (Abyss:4)
  A sun moth (Spider:2)
  6 sea snakes
  A shadow wraith (Tar:3)
  5 skeletal warriors (D:13)
  An anaconda zombie (Hell)
  2 spectral anacondas
  33 deep trolls
  7 pharaoh ants
  4 quicksilver dragon simulacra
  16 orb spiders
  8 glowing orange brains
  2 flayed ghosts
  10 deep elf archers
  12 wizards
  5 phantasmal warriors
  7 spriggan simulacra
  6 necromancers
  A fenstrider witch simulacrum (Coc:2)
  12 lindwurms
  32 harpies
  20 ironbound convokers
  28 deep elf zephyrmancers
  A fire giant zombie (Hell)
  6 steelbarb worms
  6 orc knights
  A shadow dragon zombie (Hell)
  Pikel (D:8)
  A sphinx zombie (Hell)
  3 iron dragon zombies
  A tengu zombie (Hell)
  25 ugly things
  28 wolf spiders
  34 deep elf pyromancers
  4 cyclopes
  A shining eye (shapeshifter) (Vaults:4)
  16 fauns
  A salamander (shapeshifter) (D:14)
  13 manticores
  A will-o-the-wisp (Abyss:4)
  5 shining eyes
  2 cyclopes (shapeshifter)
  2 frost giant zombies (Hell)
  2 worldbinders
  An ice statue (IceCv)
  A stone giant skeleton (Vaults:2)
  2 spectral ettins
  18 moths of wrath
  19 elephants
  7 merfolk sirens
  A rust devil (Depths:1)
  A black mamba (shapeshifter) (D:14)
  An eye of devastation (Slime:3)
  21 vault sentinels
  3 black mambas (Lair:5)
  3 titan simulacra
  8 smoke demons
  6 water nymphs
  A molten gargoyle (Desolation)
  2 apocalypse crabs (Abyss:4)
  2 orange demons (Abyss:3)
  2 guardian serpents (Desolation)
  5 cane toads
  3 gargoyles
  7 hellions
  A cane toad (shapeshifter) (Abyss:4)
  A yaktaur zombie (Vaults:2)
  5 torpor snails
  3 unseen horrors
  A spark wasp simulacrum (Depths:2)
  9 demonic crawlers
  A sea snake zombie (Hell)
  Maggie (D:10)
  15 tormentors
  22 yaktaurs
  6 komodo dragons
  A bunyip simulacrum (Coc:2)
  4 freezing wraiths
  3 rime drakes
  3 tengu conjurers
  A guardian mummy (D:13)
  2 hydra zombies (Hell)
  4 anaconda simulacra
  2 spectral harpies
  3 iron giant simulacra
  2 sea snake skeletons (Hell)
  4 ancient zymes
  A golden dragon simulacrum (Coc:7)
  9 meliai
  2 meliai (shapeshifter)
  19 merfolk
  19 polar bears
  A queen bee (Spider:2)
  A queen bee (shapeshifter) (Depths:4)
  8 trolls
  A red devil (Hell)
  39 tarantellas
  A yaktaur skeleton (Vaults:1)
  Prince Ribbit (D:5)
  56 saltlings
  7 hornets
  8 snapping turtles
  12 blink frogs
  9 raiju
  A dream sheep (Lair:4)
  A stone giant simulacrum (Coc:3)
  12 wind drakes
  A hydra skeleton (Hell)
  3 ettin zombies
  2 iron dragon simulacra
  16 culicivoras
  87 slime creatures
  6 flying skulls (Abyss:4)
  A spectral black mamba (Tar:1)
  13 spriggans
  A vampire (Abyss:3)
  36 jumping spiders
  A centaur simulacrum (Coc:2)
  5 dire elephant simulacra
  A naga simulacrum (Abyss:3)
  35 water elementals
  8 ynoxinuls
  6 air elementals
  A shadow (D:10)
  An alligator skeleton (Hell)
  A hog (shapeshifter) (D:15)
  5 wyverns
  89 yaks
  A wraith (D:12)
  4 chaos spawn
  2 alligator snapping turtle simulacra
  2 basilisks
  A neqoxec (Abyss:4)
  10 small abominations
  2 steam dragons
  A fire bat (shapeshifter) (D:15)
  64 redbacks
  12 vampire mosquitoes
  A sea snake simulacrum (Hell)
  8 large abominations
  3 acid dragons
  19 harpy simulacra
  4 hydra simulacra
  4 wargs
  7 hell hounds
  2 glowing shapeshifter skeletons
  3 floating eyes
  16 water moccasins
  36 orc warriors
  A swamp drake (shapeshifter) (Elf:1)
  4 black bears
  6 ettin simulacra
  9 boggarts
  3 ogres
  31 centaurs
  A wolf (shapeshifter) (Vaults:5)
  24 wolves
  2 phantoms
  2 elf zombies (Ossuary)
  2 kobold brigands
  5 bullfrogs
  An earth elemental (Elf:3)
  A gnoll sergeant (D:7)
  2 scorpions
  A glowing shapeshifter simulacrum (Vaults:2)
  A human skeleton (Vaults:1)
  3 wights (D:8)
  A human simulacrum (Vaults:1)
  37 killer bees
  3 electric eels (Lair:4)
  2 howler monkeys (D:11)
  A centaur zombie (Ossuary)
  7 hounds
  A human zombie (Ossuary)
  4 jellies
  A quasit (Abyss:3)
  11 orc priests
  18 starcursed masses
  An iron imp (Abyss:3)
  An iguana (shapeshifter) (Depths:4)
  4 iguanas
  10 orc wizards
  4 hell rats
  3 mummies (Ossuary)
  5 gnolls (D:7)
  7 adders
  5 white imps
  3 ufetubi
  3 adder zombies (Ossuary)
  A worm (D:3)
  3 dart slugs
  59 orcs
  15 endoplasms
  3 giant cockroaches
  4 goblins
  8 hobgoblins
  5 quokkas
  5 ball pythons
  3 bats (D:1)
  6 frilled lizards
  4 gnoll zombies (Ossuary)
  5 goblin zombies (Ossuary)
  5 hobgoblin zombies (Ossuary)
  17 kobolds
  4 kobold zombies (Ossuary)
  2 orc zombies (Ossuary)
  3 quokka zombies (Ossuary)
  2 rats
  3 rat zombies (Ossuary)
  A creeping inferno (Hell)
  5 fire vortices (Hell)
  9 starspawn tentacles
  5 tentacles (Abyss:4)
2872 creatures vanquished.

Vanquished Creatures (collateral kills)
  An acid blob (Slime:5)
  2 azure jellies (Slime:5)
  A quicksilver elemental (Dis:7)
  A quicksilver ooze (Slime:5)
  An iron golem (Dis:6)
  A ragged hierophant (Desolation)
  3 death yaks (Lair:1)
  A steelbarb worm (Spider:2)
  An ironbound convoker (Desolation)
  2 slime creatures (Slime:5)
  2 centaurs (D:12)
  An orc wizard (D:12)
17 creatures vanquished.

Vanquished Creatures (others)
  2 caustic shrikes (Dis:4)
  An Ice Fiend (Coc:5)
  A deep elf blademaster (Elf:3)
  An eldritch tentacle (Abyss:4)
  A deep elf sorcerer (Elf:3)
  A spriggan defender (Depths:3)
  3 shard shrike simulacra
  A broodmother (shapeshifter) (Depths:3)
  A stone giant (Depths:3)
  A wendigo (Coc:1)
  A caustic shrike simulacrum (Coc:1)
  A juggernaut simulacrum (Coc:3)
  Erica (D:8)
  A death yak (IceCv)
  A spriggan simulacrum (Coc:2)
  A deep elf archer (Elf:2)
  A cyclops (D:13)
  2 deep elf pyromancers
  2 deep elf zephyrmancers
  A merfolk siren (Shoals:4)
  3 titan simulacra
  A freezing wraith (Hell)
  2 anaconda simulacra (Coc:3)
  A tarantella (Spider:4)
  An iron dragon simulacrum (Coc:7)
  A jumping spider (Spider:4)
  A water elemental (Elf:3)
  3 dire elephant simulacra
  A fire elemental (Orc:2)
  A redback (Spider:3)
  5 harpy simulacra
  An ettin simulacrum (Coc:7)
  A centaur (Orc:2)
  An orc wizard (Orc:2)
  A hell rat (Hell)
  An ufetubus (Abyss:3)
  2 orcs (Orc:2)
  A creeping inferno (Hell)
  8 foxfires (Abyss:4)
  11 starspawn tentacles
  6 tentacles (Abyss:4)
78 creatures vanquished.

Grand Total: 2967 creatures vanquished

Notes
Turn   | Place    | Note
-------+----------+-------------------------------------------
     0 | D:1      | olmar the Minotaur Fighter began the quest for the Orb.
     0 | D:1      | Reached XP level 1. HP: 19/19 MP: 0/0
    27 | D:1      | Found a faded altar of an unknown god.
   147 | D:1      | Reached XP level 2. HP: 27/27 MP: 1/1
   259 | D:1      | Found Punasuar's Antique Weapon Emporium.
   344 | D:1      | Found Soon's Distillery.
   371 | D:1      | Found Kutrob's Armour Emporium.
   448 | D:1      | Reached XP level 3. HP: 32/33 MP: 2/2
   534 | D:1      | Found Hyxy's General Store.
  1303 | D:2      | Reached skill level 1 in Dodging
  1386 | D:2      | Reached XP level 4. HP: 40/40 MP: 3/3
  2300 | D:4      | Noticed a black bear
  2306 | D:4      | Killed a black bear
  2307 | D:4      | Reached XP level 5. HP: 47/47 MP: 4/4
  2367 | D:4      | Found an ancient bone altar of Kikubaaqudgha.
  2369 | D:4      | Found an ornate altar of the Wu Jian Council.
  2369 | D:4      | Found an opulent altar of Gozag.
  2371 | D:4      | Found a glowing golden altar of the Shining One.
  2374 | D:4      | Found an iron altar of Okawaru.
  2377 | D:4      | Became a worshipper of Gozag Ym Sagoz the Greedy
  2425 | D:4      | Found a staircase to the Ecumenical Temple.
  2508 | D:4      | Found a sand-covered staircase.
  2513 | Ossuary  | Entered an ossuary
  2547 | Ossuary  | Reached skill level 5 in Fighting
  2611 | Ossuary  | Reached skill level 5 in Maces & Flails
  2611 | Ossuary  | Reached XP level 6. HP: 55/56 MP: 5/5
  2945 | D:4      | Reached XP level 7. HP: 61/61 MP: 6/6
  3271 | D:5      | Entered Level 5 of the Dungeon
  3335 | D:5      | Reached skill level 5 in Armour
  3360 | D:5      | Reached skill level 5 in Shields
  3921 | D:5      | Noticed Prince Ribbit
  3942 | D:5      | Killed Prince Ribbit
  3943 | D:5      | Reached XP level 8. HP: 22/70 MP: 7/7
  4124 | D:5      | Found a bloodstained altar of Trog.
  4131 | D:5      | Found a glowing silver altar of Zin.
  4134 | D:5      | Found a blossoming altar of Fedhas.
  4728 | D:1      | Bought an ebony spear for 224 gold pieces
  4728 | D:1      | Identified the +7 spear of Noon {pain, Will+ Int+8 Dex-3}
                  | (You bought it in a shop on level 1 of the Dungeon)
  4728 | D:1      | Bought a glowing morningstar for 196 gold pieces
  5407 | D:7      | Reached XP level 9. HP: 67/78 MP: 8/8
  6181 | D:8      | Found a staircase to the Lair.
  6259 | D:8      | Reached skill level 10 in Maces & Flails
  6310 | D:8      | Noticed Erica
  6325 | D:8      | Killed Erica
  6520 | D:8      | Noticed a two-headed ogre
  6524 | D:8      | Killed a two-headed ogre
  6535 | D:8      | Noticed Pikel
  6547 | D:8      | Killed Pikel
  6548 | D:8      | Reached XP level 10. HP: 76/88 MP: 9/9
  6593 | D:8      | Found a hazy altar of Hepliaklqana.
  6667 | D:9      | Found Kamed's Assorted Antiques.
  7307 | D:9      | Noticed a deep elf pyromancer
  7319 | D:9      | Found a runed translucent door.
  7319 | D:9      | Noticed a two-headed ogre
  7345 | D:10     | Entered Level 10 of the Dungeon
  7415 | D:10     | Reached skill level 10 in Shields
  7598 | D:10     | Noticed Maggie
  7610 | D:10     | Killed Maggie
  7611 | D:10     | Reached skill level 1 in Throwing
  7627 | D:10     | Found a staircase to the Orcish Mines.
  7694 | D:10     | Noticed a manticore
  7702 | D:10     | Killed a manticore
  7802 | D:10     | Reached skill level 5 in Dodging
  8002 | D:10     | Found Seab's Magic Scroll Shoppe.
  8033 | D:10     | Bought a scroll of blinking for 127 gold pieces
  8033 | D:10     | Bought a scroll of identify for 34 gold pieces
  8033 | D:10     | Bought a scroll of identify for 34 gold pieces
  8034 | D:10     | Identified a scroll of acquirement
  8039 | D:10     | Acquired 1088 gold pieces
  8131 | Lair:1   | Entered Level 1 of the Lair of Beasts
  8134 | Lair:1   | Bought the +2 pair of boots "Jomes" {rC+ Str+4 Dex-4} for
                  | 342 gold pieces
  8145 | Lair:1   | Reached XP level 11. HP: 88/97 MP: 10/10
  8177 | Lair:1   | Noticed Urug
  8200 | Lair:1   | Killed Urug
  8343 | Lair:1   | Noticed Harold
  8356 | Lair:1   | Killed Harold
  8480 | Lair:1   | Noticed a death yak
  8480 | Lair:1   | Noticed a death yak
  8480 | Lair:1   | Noticed a death yak
  8492 | Lair:1   | Noticed a death yak
  8493 | Lair:1   | Killed a death yak
  8494 | Lair:1   | Reached skill level 10 in Fighting
  8501 | Lair:1   | Killed a death yak
  8502 | Lair:1   | Killed a death yak
  8508 | Lair:1   | Killed a death yak
  8981 | Lair:2   | Noticed Nergalle
  8999 | Lair:2   | Killed Nergalle
  9000 | Lair:2   | Noticed a boulder beetle
  9020 | Lair:2   | Killed a boulder beetle
  9021 | Lair:2   | Reached XP level 12. HP: 70/108 MP: 11/11
  9372 | Lair:2   | Bought a transparent cloak for 275 gold pieces
  9372 | Lair:2   | Identified the -2 cloak "Lyoceyse" {+Inv Fly rElec rF-}
                  | (You bought it in a shop on level 2 of the Lair of Beasts)
  9372 | Lair:2   | Bought an encrusted kite shield for 275 gold pieces
  9372 | Lair:2   | Identified the +0 kite shield of Baosieme {Str+7 Int-2
                  | Stlth-} (You bought it in a shop on level 2 of the Lair of
                  | Beasts)
  9372 | Lair:2   | Bought a citrine-encrusted plate armour for 812 gold pieces
  9372 | Lair:2   | Identified the +6 plate armour of Negligence {rF+ rCorr}
                  | (You bought it in a shop on level 2 of the Lair of Beasts)
  9421 | Lair:2   | Found a hole to the Spider Nest.
  9539 | Lair:2   | Found a staircase to the Shoals.
  9869 | Lair:3   | Reached skill level 15 in Maces & Flails
 10635 | Lair:4   | Found a viscous altar of Jiyva.
 10682 | Lair:4   | Identified the ring of Lust {+Blink rPois rC+ rCorr Dex-5}
 10811 | Lair:4   | Found a staircase to the Slime Pits.
 10866 | Lair:4   | Reached skill level 10 in Armour
 10987 | Lair:4   | Found a runed translucent gate.
 10987 | Lair:4   | Found a runed translucent gate.
 10987 | Lair:4   | Found a viscous altar of Jiyva.
 10987 | Lair:4   | Found a runed translucent gate.
 10987 | Lair:4   | Noticed an azure jelly
 10987 | Lair:4   | Noticed an acid blob
 10987 | Lair:4   | Noticed an azure jelly
 10987 | Lair:4   | Noticed an azure jelly
 10987 | Lair:4   | Noticed an azure jelly
 10987 | Lair:4   | Noticed an acid blob
 10987 | Lair:4   | Noticed an acid blob
 10987 | Lair:4   | Noticed olddryhag's ghost (journeyman MfMo)
 10987 | Lair:4   | Noticed an azure jelly
 10987 | Lair:4   | Noticed an acid blob
 10988 | Lair:4   | Noticed a rockslime
 11375 | Lair:5   | Entered Level 5 of the Lair of Beasts
 11390 | Lair:4   | Reached XP level 13. HP: 90/117 MP: 12/12
 11924 | Lair:5   | Noticed a dire elephant
 11961 | Lair:5   | Killed a dire elephant
 12144 | Lair:5   | Got the Omnibus of the Scorpion and the Pyre
 13273 | D:11     | Reached skill level 15 in Shields
 13309 | D:11     | Reached XP level 14. HP: 111/129 MP: 13/13
 13638 | D:11     | Noticed Gastronok
 13651 | D:11     | Killed Gastronok
 14533 | D:13     | Found a frozen archway.
 14581 | IceCv    | Entered an ice cave
 14929 | IceCv    | Identified the +2 chain mail of the Tormentor {-Tele Str+9
                  | Dex+3}
 15148 | IceCv    | Identified the +1 longbow of Summertime {heavy, Dex+2}
 15611 | D:13     | Upgraded the game from 0.30.0-18-gc0e69614cb to
                  | 0.30.0-19-g36f170ea60
 15627 | D:13     | Reached skill level 15 in Fighting
 15784 | D:13     | Found a gate to the Vaults.
 15864 | D:13     | Reached XP level 15. HP: 40/141 MP: 14/14
 16325 | D:13     | Found a portal to a secret trove of treasure.
 16585 | D:1      | Bought the +5 scythe "Finisher" {speed, execute} for 1232
                  | gold pieces
 16585 | D:1      | Found the +5 scythe "Finisher" {speed, execute}
 17174 | D:14     | You fall into a shaft and drop 1 floor!
 17174 | D:15     | Entered Level 15 of the Dungeon
 17747 | D:15     | Found a staircase to the Depths.
 17971 | D:15     | Noticed Jorgrun
 17994 | D:15     | Killed Jorgrun
 18307 | D:14     | Found Ziymoytull's Jewellery Shoppe.
 18565 | D:14     | Found a glowing golden altar of the Shining One.
 18565 | D:14     | Found a white marble altar of Elyvilon.
 18565 | D:14     | Found a glowing silver altar of Zin.
 18918 | Orc:1    | Entered Level 1 of the Orcish Mines
 19132 | Orc:1    | Gained mutation: Your spells are a little easier to cast,
                  | but a little less powerful. [a neqoxec]
 19405 | Orc:2    | Entered Level 2 of the Orcish Mines
 19517 | Orc:2    | Found a staircase to the Elven Halls.
 19517 | Orc:2    | Found Womekov's Armour Boutique.
 19547 | Orc:2    | Found Faimof's Antique Armour Shoppe.
 19550 | Orc:2    | Found Qetzir's Antique Weapon Boutique.
 19550 | Orc:2    | Noticed Azrael
 19583 | Orc:2    | Killed Azrael
 19738 | Orc:2    | Bought a fine plate armour for 700 gold pieces
 19738 | Orc:2    | Identified the +3 plate armour "Fakuduli" {Harm Int+3
                  | Dex+3} (You bought it in a shop on level 2 of the Orcish
                  | Mines)
 19968 | Orc:2    | Found Voz Boco's Book Boutique.
 19968 | Orc:2    | Found Boxaebbi's Magic Scroll Emporium.
 19970 | Orc:2    | Found Juuxkir's Distillery.
 19972 | Orc:2    | Found Vecenic's Distillery.
 19978 | Orc:2    | Bought a potion of flight for 45 gold pieces
 19978 | Orc:2    | Bought a potion of cancellation for 120 gold pieces
 19978 | Orc:2    | Bought a potion of curing for 45 gold pieces
 19978 | Orc:2    | Bought a potion of curing for 45 gold pieces
 19983 | Orc:2    | Bought a potion of heal wounds for 75 gold pieces
 19983 | Orc:2    | Bought a potion of heal wounds for 75 gold pieces
 19983 | Orc:2    | Bought 2 potions of heal wounds for 150 gold pieces
 19983 | Orc:2    | Bought a potion of curing for 45 gold pieces
 19983 | Orc:2    | Bought a potion of curing for 45 gold pieces
 19983 | Orc:2    | Bought a potion of lignification for 45 gold pieces
 19983 | Orc:2    | Bought a potion of resistance for 150 gold pieces
 19991 | Orc:2    | Bought a scroll of fog for 56 gold pieces
 19991 | Orc:2    | Bought a scroll of poison for 56 gold pieces
 19991 | Orc:2    | Bought a scroll of teleportation for 42 gold pieces
 19991 | Orc:2    | Bought a scroll of summoning for 133 gold pieces
 19991 | Orc:2    | Bought a scroll of teleportation for 42 gold pieces
 19991 | Orc:2    | Bought a scroll of teleportation for 42 gold pieces
 19991 | Orc:2    | Bought a scroll of fear for 56 gold pieces
 19991 | Orc:2    | Bought a scroll of fear for 56 gold pieces
 20088 | Elf:1    | Entered Level 1 of the Elven Halls
 20122 | Elf:1    | Reached XP level 16. HP: 76/152 MP: 15/15
 20505 | Elf:1    | Acquired a manual of Maces & Flails
 20897 | Elf:1    | Got the Catalogue of Fulmination
 21132 | Elf:1    | Bought a pair of ancient gloves for 285 gold pieces
 21132 | Elf:1    | Identified the +1 pair of gloves "Axuhuop" {Str+2 Slay+5}
                  | (You bought it in a shop on level 1 of the Elven Halls)
 21503 | Elf:1    | You fall into a shaft and drop 1 floor!
 21549 | Elf:2    | Reached skill level 15 in Armour
 21826 | Elf:2    | Found a runed translucent gate.
 21847 | Elf:2    | Found a runed translucent gate.
 21848 | Elf:2    | Found a runed translucent gate.
 22271 | Elf:2    | Got Sif Muna's Compilation of Amassed Fulmination
 22667 | Elf:2    | Noticed a deep elf blademaster
 22688 | Elf:2    | Killed a deep elf blademaster
 22730 | Elf:2    | Reached XP level 17. HP: 52/162 MP: 16/16
 23207 | Elf:3    | Entered Level 3 of the Elven Halls
 23383 | Elf:3    | Found Pubex's Magic Scroll Emporium.
 23389 | Elf:3    | Bought a scroll of teleportation for 48 gold pieces
 23389 | Elf:3    | Bought a scroll of poison for 64 gold pieces
 23389 | Elf:3    | Bought a scroll of poison for 64 gold pieces
 23634 | Elf:3    | Paralysed by an air elemental for 1 turns
 23638 | Elf:3    | Paralysed by an air elemental for 1 turns
 24544 | Elf:3    | Paralysed by an air elemental for 1 turns
 24571 | Elf:3    | Paralysed by an air elemental for 1 turns
 24747 | Elf:3    | Identified the +11 war axe "Kioklogeamp" {spect, Int+4
                  | Stlth+}
 24747 | Elf:3    | Identified the ring of Qymudev {rCorr SInv}
 24947 | Elf:3    | Noticed a deep elf blademaster
 24961 | Elf:3    | Killed a deep elf blademaster
 24965 | Elf:3    | Identified the +4 scale mail of Hedging {+Inv rF+ rC+
                  | Will-}
 24965 | Elf:3    | Noticed a deep elf blademaster
 24965 | Elf:3    | Identified the +7 rapier "Dragonslayer" {antimagic, rElec
                  | Int+4 SInv}
 24968 | Elf:3    | Noticed a deep elf master archer
 24969 | Elf:3    | Identified the +10 rapier of the Girdle {pain, Contam rC+++
                  | rN+++ Stlth-}
 25838 | Elf:3    | Identified the +4 ice dragon scales of Fallacy {rF- rC++
                  | Int+3}
 25838 | Elf:3    | Identified the ring "Mishrau" {Ice Contam Dex+4}
 25838 | Elf:3    | Noticed a deep elf master archer
 25845 | Elf:3    | Killed a deep elf master archer
 26758 | Elf:3    | Killed a deep elf blademaster
 26784 | Elf:3    | Killed a deep elf master archer
 26793 | Elf:3    | Identified the +8 longbow of Gloom {flame, Int+2 Dex+4
                  | Stlth-}
 27166 | Elf:3    | Noticed a Hell Sentinel
 27545 | Elf:3    | an iron dragon changed into a golden dragon
 27545 | Elf:3    | Noticed a golden dragon (glowing shapeshifter)
 27554 | Elf:3    | a golden dragon changed into an acid blob
 27554 | Elf:3    | Noticed an acid blob (glowing shapeshifter)
 27557 | Elf:3    | an acid blob changed into an iron giant
 27557 | Elf:3    | Noticed an iron giant (glowing shapeshifter)
 27811 | Elf:3    | Got the Catalogue of the Salamander
 27830 | Elf:3    | Identified the staff of earth "Gacheeff" {*Slow Str-2 Dex+6
                  | Stlth+}
 27833 | Elf:3    | Identified the staff of death "Degergh" {rF+ rC+ rN+ Int+2}
 28114 | Spider:1 | Entered Level 1 of the Spider Nest
 29880 | Spider:1 | Reached XP level 18. HP: 172/176 MP: 17/17
 30840 | Spider:2 | Identified the -1 pair of gloves of the Forging Gods {*Slow
                  | rCorr Str+7}
 31776 | Spider:3 | Reached skill level 5 in Throwing
 32532 | Spider:4 | Entered Level 4 of the Spider Nest
 32756 | Spider:4 | Noticed Arachne
 33459 | Spider:4 | Killed Arachne
 33780 | Spider:4 | Found a runed translucent door.
 33780 | Spider:4 | Noticed twolf1369's ghost (adept MiFi)
 34001 | Spider:4 | Reached XP level 19. HP: 90/187 MP: 8/18
 34145 | Spider:4 | Lost dexterity.
 34379 | Spider:4 | Got a gossamer rune of Zot
 34908 | Spider:4 | Bought a potion of curing for 51 gold pieces
 34908 | Spider:4 | Bought a potion of curing for 51 gold pieces
 34908 | Spider:4 | Bought a potion of resistance for 170 gold pieces
 34908 | Spider:4 | Bought a scroll of fear for 68 gold pieces
 34908 | Spider:4 | Bought a scroll of enchant armour for 127 gold pieces
 34908 | Spider:4 | Bought a wand of iceblast (3) for 122 gold pieces
 34908 | Spider:4 | Bought a pair of embroidered boots for 127 gold pieces
 34941 | Spider:4 | Killed twolf1369's ghost
 34946 | Spider:4 | Identified the +4 spear of Saarig {elec, rCorr Str+4}
 35325 | Depths:1 | Entered Level 1 of the Depths
 35491 | Depths:1 | Identified the +1 buckler "Vonuem Qunyi" {rElec MP+9}
 35733 | D:13     | You paid a toll of the scythe "Finisher" to enter a
                  | treasure trove
 35734 | Trove    | Entered a treasure trove
 35748 | Trove    | Identified the +0 plate armour of Geof {Str+3}
 35749 | Trove    | Identified the ring of Moantius {Fire Int+3}
 35757 | Trove    | Identified the ring "Heppaenga" {Str+4 Int+6}
 35759 | Trove    | Identified the scarf of Nalegefe {repulsion, rC+ Str-2
                  | Int+3}
 35761 | Trove    | Identified the -2 hat "Lecukh" {SInv Stlth+}
 36266 | Depths:1 | Found a gateway to Hell.
 37154 | Depths:2 | Found a one-way gate leading to the halls of Pandemonium.
 37155 | Depths:2 | Paralysed by a floating eye for 3 turns
 37165 | Depths:2 | Noticed a dread lich
 37188 | Depths:2 | Killed a dread lich
 37310 | Depths:2 | Noticed a golden dragon
 37324 | Depths:2 | Killed a golden dragon
 37429 | Depths:2 | Found a stormy altar of Qazlal.
 37728 | Depths:2 | Identified the +1 shortbow of Xecik {freeze, rC+ rCorr
                  | Dex-3 Stlth+}
 38080 | Depths:2 | HP: 5/191 [spark wasp (12)]
 38672 | Depths:3 | Found Ymaeps's Armour Shoppe.
 38703 | Depths:3 | Reached XP level 20. HP: 178/200 MP: 19/19
 39144 | Depths:3 | Found a one-way gateway to a ziggurat.
 39233 | Depths:3 | Noticed a caustic shrike
 39239 | Depths:3 | Killed a caustic shrike
 39550 | Depths:3 | Found Ystrupen's Jewellery Shop.
 39550 | Depths:3 | Found Wuokyfa's Book Shoppe.
 39551 | Depths:3 | Found Ukaedyef's Book Shoppe.
 39645 | Depths:3 | Found a one-way gate to the infinite horrors of the Abyss.
 39699 | Depths:3 | Identified the +1 whip of Bloody Death {flame, *Slow rC+++
                  | rN+ Stlth+}
 39708 | Depths:3 | Identified the +0 robe of the Mangosteen {Drain rPois
                  | Regen+ Dex-4}
 39709 | Depths:3 | Got Sif Muna's Disquisition on the Polar Fairies
 39717 | Depths:3 | Identified the staff of death "Cischeuh" {rN+ Dex+5}
 39718 | Depths:3 | Got Sif Muna's Annotations on the Unfortunate Pyromaniac
 40027 | Depths:4 | Entered Level 4 of the Depths
 40208 | Depths:4 | Found a gate to the Realm of Zot.
 40208 | Depths:4 | Noticed a golden dragon
 40216 | Depths:4 | Killed a golden dragon
 40767 | Depths:4 | Found a sparkling altar of Nemelex Xobeh.
 41915 | Shoals:1 | Entered Level 1 of the Shoals
 41918 | Shoals:1 | Identified the +0 leather armour "Vomneze" {rElec rPois
                  | Str-3 Int+4}
 42005 | Shoals:1 | Noticed Nikola
 42014 | Shoals:1 | Killed Nikola
 42959 | Shoals:2 | Found a hide-covered altar of Uskayaw.
 43151 | Shoals:2 | Reached XP level 21. HP: 199/211 MP: 20/20
 43305 | Shoals:2 | Identified the +9 longbow "Hihyck" {speed, rElec rPois rN++
                  | Int-2}
 43928 | Depths:2 | Bought the +9 scales of the Dragon King {rPois rF+ rC+
                  | Will+} for 3619 gold pieces
 43928 | Depths:2 | Found the +9 scales of the Dragon King {rPois rF+ rC+
                  | Will+}
 44255 | Slime:1  | Entered Level 1 of the Pits of Slime
 44359 | Slime:1  | Gained mutation: You are vulnerable to cold. (rC-) [a
                  | shining eye]
 44718 | Slime:2  | Gained mutation: You occasionally shout uncontrollably at
                  | your foes. [a shining eye]
 44720 | Slime:2  | Gained mutation: You are clumsy. (Dex -2) [a shining eye]
 45980 | Slime:5  | Entered Level 5 of the Pits of Slime
 45984 | Slime:5  | Gained mutation: You are dopey. (Int -2) [a shining eye]
 46084 | Slime:5  | Noticed the Royal Jelly
 46092 | Slime:5  | Gained mutation: You are very dopey. (Int -4) [a shining
                  | eye]
 46185 | Slime:5  | Paralysed by a floating eye for 3 turns
 46443 | Slime:5  | Found a viscous altar of Jiyva.
 46447 | Slime:5  | Found the +12 glaive of Prune {freeze, Prune}
 46474 | Slime:5  | Killed the Royal Jelly
 46658 | Slime:5  | Gained mutation: You occasionally lose the ability to read
                  | scrolls when taking damage. [a shining eye]
 46703 | Slime:5  | Identified the +10 shortbow "Funkeijo" {elec, rPois rCorr
                  | Int-2 SInv}
 46705 | Slime:5  | Got a slimy rune of Zot
 46744 | Slime:5  | Got Nuaraaff's Disquisition on the Arenous Impact
 46766 | Slime:5  | Got the Vademecum on the Transforming Geodesic
 46769 | Slime:5  | Identified the staff of death "Coaqob" {rN+ Dex+2}
 46836 | Slime:5  | Identified the staff of earth "Ogytzeni" {+Blink MP-9
                  | Str+4}
 48082 | Shoals:4 | Entered Level 4 of the Shoals
 48215 | Shoals:4 | Paralysed by an air elemental for 1 turns
 48533 | Shoals:4 | Identified the ring of the Lion {Fly rPois}
 48556 | Shoals:4 | Found a radiant altar of Vehumet.
 48695 | Shoals:4 | Paralysed by an air elemental for 1 turns
 49009 | Shoals:4 | Reached XP level 22. HP: 188/224 MP: 21/21
 49618 | Shoals:4 | Got a barnacled rune of Zot
 50096 | Zot:1    | Entered Level 1 of the Realm of Zot
 51145 | Zot:2    | Noticed an orb of fire
 51163 | Zot:2    | Lost mutation: You occasionally lose the ability to read
                  | scrolls when taking damage. [an orb of fire]
 51164 | Zot:2    | Killed an orb of fire
 51721 | Zot:3    | Noticed a golden dragon
 51727 | Zot:3    | Killed a golden dragon
 51795 | Zot:3    | Noticed a golden dragon
 51802 | Zot:3    | Killed a golden dragon
 51973 | Zot:3    | Noticed a golden dragon
 51974 | Zot:3    | Noticed a curse toe
 52001 | Zot:2    | Killed a golden dragon
 52834 | Zot:2    | Noticed an orb of fire
 52844 | Zot:2    | Gained mutation: You occasionally lose the ability to read
                  | scrolls when taking damage. [an orb of fire]
 52845 | Zot:2    | Gained mutation: Armour fits poorly on your strangely
                  | shaped body. [an orb of fire]
 52846 | Zot:2    | Killed an orb of fire
 53121 | Zot:3    | Killed a curse toe
 54162 | Abyss:3  | Found a corrupted altar of Lugonu.
 54162 | Abyss:3  | Cast into level 3 of the Abyss (purple draconian shifter)
 54194 | Abyss:3  | Found a corrupted altar of Lugonu.
 54203 | Abyss:3  | Found a corrupted altar of Lugonu.
 54316 | Abyss:3  | Paralysed by accursed screaming for 1 turns
 54329 | Abyss:3  | Paralysed by accursed screaming for 1 turns
 54821 | Abyss:3  | Reached XP level 23. HP: 232/239 MP: 22/22
 54874 | Abyss:3  | Noticed an ancient lich
 54880 | Abyss:3  | Killed an ancient lich
 55066 | Abyss:4  | Found a shimmering altar of Xom.
 55077 | Abyss:4  | Reached skill level 27 in Fighting
 55118 | Abyss:4  | Found a shimmering altar of Xom.
 55274 | Abyss:4  | Found a corrupted altar of Lugonu.
 55321 | Abyss:4  | Found a corrupted altar of Lugonu.
 55355 | Abyss:4  | Got an abyssal rune of Zot
 55484 | Abyss:4  | HP: 12/240 [large abomination (18)]
 55492 | Zot:4    | Escaped the Abyss
 56244 | Zot:4    | Reached skill level 27 in Maces & Flails
 56283 | Zot:4    | Identified the +3 mace of the Grave {heavy, rF+ rC+ Dex+2}
 56627 | Zot:5    | Entered Level 5 of the Realm of Zot
 57189 | Zot:5    | Noticed a curse toe
 57196 | Zot:4    | Killed a curse toe
 57666 | Zot:5    | Reached skill level 27 in Shields
 58170 | Zot:5    | Noticed an ancient lich
 58181 | Zot:5    | Noticed a Killer Klown
 58192 | Zot:5    | Killed an ancient lich
 58206 | Zot:5    | Killed a Killer Klown
 58621 | Vaults:1 | Entered Level 1 of the Vaults
 58621 | Vaults:1 | Noticed Aizul
 58633 | Vaults:1 | Killed Aizul
 58642 | Vaults:1 | Lost mutation: You are vulnerable to cold. (rC-) [potion of
                  | mutation]
 58642 | Vaults:1 | Lost mutation: You occasionally shout uncontrollably at
                  | your foes. [potion of mutation]
 58642 | Vaults:1 | Lost mutation: You are very dopey. (Int -4) [potion of
                  | mutation]
 58642 | Vaults:1 | Lost mutation: You are clumsy. (Dex -2) [potion of
                  | mutation]
 58642 | Vaults:1 | Gained mutation: You occasionally shout uncontrollably at
                  | your foes. [potion of mutation]
 58642 | Vaults:1 | Gained mutation: You possess an exceptional clarity of
                  | mind. [potion of mutation]
 58642 | Vaults:1 | Gained mutation: You are partially covered in iridescent
                  | scales. (AC +2) [potion of mutation]
 58728 | Vaults:1 | Reached skill level 1 in Stealth
 58740 | Vaults:1 | Reached XP level 24. HP: 248/249 MP: 22/22
 58782 | Vaults:1 | Found a crumbling gateway.
 58795 | Desolati | Entered the Desolation of Salt
 58863 | Desolati | Reached skill level 1 in Evocations
 58955 | Desolati | Found the +4 moon troll leather armour {Spirit, Regen++
                  | MP+5}
 58959 | Desolati | Identified the +0 scale mail of Ashenzari's Anger {Fly
                  | rN+++ Will- Dex+5}
 58963 | Desolati | Identified the ring "Maluarph" {rN+ Int+6 Stlth+}
 58966 | Desolati | Identified the ring "Dameubua" {Ice rElec}
 59507 | Desolati | Found the +7 lajatang of Order {silver, rMut}
 59525 | Desolati | Identified the +3 hand axe of Desmaud {spect, rPois rF+
                  | Dex+3}
 59660 | Desolati | Found the ring of Shadows {Umbra +Inv Stlth+}
 59669 | Desolati | Got Curela's Elucidation of Assaults
 59671 | Desolati | Got the Folio of Glaciation
 59780 | Desolati | Identified the ring "Housmicae" {Fly rF+ rC+ Int-2}
 60931 | Vaults:1 | Found Ytin's Weapon Shoppe.
 61001 | Vaults:1 | Reached skill level 5 in Stealth
 61208 | Vaults:2 | Found a transporter.
 61260 | Vaults:2 | Found an ancient bone altar of Kikubaaqudgha.
 61268 | Vaults:2 | Found a staircase to the Crypt.
 61270 | Vaults:2 | Found a basalt altar of Yredelemnul.
 61499 | Vaults:2 | Found a transporter.
 61783 | Vaults:2 | Found Nobenaw's Book Boutique.
 61973 | Vaults:2 | Noticed quaternion's ghost (veteran MiFi)
 62164 | Vaults:2 | Reached XP level 25. HP: 198/257 MP: 22/22
 62851 | Vaults:3 | Found Xoronic's Book Shop.
 63607 | Vaults:4 | Noticed Bai Suzhen
 63622 | Vaults:4 | Killed Bai Suzhen
 63623 | Vaults:4 | Reached skill level 27 in Armour
 63850 | Vaults:4 | Noticed Mennas
 63888 | Vaults:4 | Killed Mennas
 63889 | Vaults:4 | Reached skill level 5 in Evocations
 64039 | Vaults:4 | Bought the amulet "Zeuniz" {Regen+ rCorr} for 894 gold
                  | pieces
 64059 | Vaults:4 | Bought the ring "Gimaog" {Str+6 SInv} for 991 gold pieces
 64882 | Vaults:5 | Entered Level 5 of the Vaults
 64895 | Vaults:4 | Reached skill level 10 in Stealth
 65200 | Vaults:5 | Identified the ring of Noem {rElec rPois rN+ Will- MP+9}
 65270 | Vaults:5 | Identified the staff of air "Hikhewk" {rElec Str+3 Dex+3
                  | SInv}
 65354 | Vaults:5 | Identified the +5 spear of the Traitor {protect, +Blink
                  | Will+}
 65783 | Vaults:5 | Identified the +6 spear "Giantslayer" {heavy, rElec rN++
                  | Str+4}
 65905 | Vaults:5 | Identified the +3 whip of Kyevor {holy, rF+ Dex+2}
 65923 | Vaults:5 | Identified the ring of the Unkillable {rElec rPois Will+
                  | Dex+2}
 65970 | Vaults:5 | Got a silver rune of Zot
 66020 | Vaults:5 | Identified the +4 hand axe "Golel" {venom, rC++ Dex-5}
 66284 | Vaults:5 | Found Deufuz's Assorted Antiques.
 66369 | Vaults:5 | Reached XP level 26. HP: 230/266 MP: 22/22
 66897 | Lair:2   | Bought the +10 tower shield of Ignorance {rN+ Int-4} for
                  | 1661 gold pieces
 66897 | Lair:2   | Found the +10 tower shield of Ignorance {rN+ Int-4}
 67203 | Hell     | Entered the Vestibule of Hell
 67203 | Hell     | Noticed Geryon
 67813 | Hell     | Found a gateway to the decaying netherworld of Tartarus.
 67876 | Hell     | Killed Geryon
 68167 | Hell     | Found a gateway to the freezing wastes of Cocytus.
 68365 | Hell     | Found a gateway to the ashen valley of Gehenna.
 68425 | Hell     | Found a gateway to the Iron City of Dis.
 68705 | Coc:1    | Entered Level 1 of Cocytus
 68751 | Coc:1    | Reached skill level 15 in Stealth
 69306 | Coc:3    | Paralysed by a wendigo for 1 turns
 69635 | Coc:5    | Paralysed by a wendigo for 1 turns
 69817 | Coc:5    | Reached skill level 10 in Evocations
 70460 | Coc:7    | Entered Level 7 of Cocytus
 71299 | Coc:7    | Reached XP level 27. HP: 160/273 MP: 22/22
 71929 | Coc:7    | Paralysed by a wendigo for 1 turns
 71931 | Coc:7    | Paralysed by a wendigo for 1 turns
 72125 | Coc:7    | Got the Almanac of Refrigeration and Ceraunoscopy
 72196 | Coc:7    | Paralysed by a wendigo for 1 turns
 72398 | Coc:7    | Paralysed by a wendigo for 1 turns
 72675 | Coc:7    | Noticed Antaeus
 72700 | Coc:7    | Killed Antaeus
 72728 | Coc:7    | Got an icy rune of Zot
 72963 | Dis:1    | Entered Level 1 of the Iron City of Dis
 74267 | Dis:4    | Reached skill level 15 in Evocations
 74447 | Dis:4    | You fall into a shaft and drop 2 floors!
 74750 | Dis:7    | Entered Level 7 of the Iron City of Dis
 75882 | Dis:7    | Noticed a juggernaut
 75903 | Dis:7    | Killed a juggernaut
 75981 | Dis:7    | Identified the +2 helmet of the Shimmering Gods {*Corrode
                  | +Inv rF+ rC+++}
 75988 | Dis:7    | Identified the +0 helmet "Idouteell" {Drain Dex+7}
 75996 | Dis:7    | Identified the +0 robe of the Neverending Queens {Regen+
                  | Dex-5 Slay+5 SInv}
 75999 | Dis:7    | Identified the staff of conjuration "Veosai" {rCorr}
 77325 | Dis:7    | Noticed the Serpent of Hell
 77352 | Dis:7    | Killed the Serpent of Hell
 77795 | Dis:7    | Noticed Dispater
 77795 | Dis:7    | Noticed a juggernaut
 77804 | Dis:7    | Killed a juggernaut
 77817 | Dis:7    | Killed Dispater
 77864 | Dis:7    | Found the +18 shield of the Gong {Loud rN+ Will+ rCorr
                  | EV-5}
 77874 | Dis:7    | Identified the ring of Wahocov {rF+ rCorr Int+4 SInv}
 77903 | Dis:7    | Got an iron rune of Zot
 77923 | Dis:7    | Identified the staff of conjuration "Loezxoz" {rCorr MP+9
                  | Stlth+}
 78540 | Hell     | Bought a clouded jade ring for 180 gold pieces
 78540 | Hell     | Identified the ring of Lilacs {Fire *Slow Int+2 Stlth+}
                  | (You bought it in a shop in the Vestibule of Hell)
 78541 | Hell     | Bought a potion of mutation for 288 gold pieces
 78548 | Tar:1    | Entered Level 1 of Tartarus
 78556 | Tar:1    | You fall into a shaft and drop 1 floor!
 78597 | Tar:2    | Found a huge runed gate.
 78603 | Tar:2    | Found a huge runed gate.
 78603 | Tar:2    | Found a huge runed gate.
 78603 | Tar:2    | Found a huge runed gate.
 78603 | Tar:2    | Found a huge runed gate.
 78603 | Tar:2    | Found a huge runed gate.
 78603 | Tar:2    | Found a huge runed gate.
 78603 | Tar:2    | Found a huge runed gate.
 78605 | Tar:2    | Found a huge runed gate.
 78606 | Tar:2    | Found a huge runed gate.
 78622 | Tar:2    | Found a huge runed gate.
 78622 | Tar:2    | Found a huge runed gate.
 78622 | Tar:2    | Found a huge runed gate.
 78622 | Tar:2    | Found a huge runed gate.
 78622 | Tar:2    | Found a huge runed gate.
 78622 | Tar:2    | Found a huge runed gate.
 78622 | Tar:2    | Found a huge runed gate.
 78623 | Tar:2    | Found a huge runed gate.
 78624 | Tar:2    | Found a huge runed gate.
 78676 | Tar:2    | Found a huge runed gate.
 78677 | Tar:2    | Found a huge runed gate.
 78680 | Tar:2    | Found a huge runed gate.
 78681 | Tar:2    | Found a huge runed gate.
 78685 | Tar:2    | Found a huge runed gate.
 78836 | Tar:2    | Found a huge runed gate.
 78837 | Tar:2    | Found a huge runed gate.
 78838 | Tar:2    | Found a huge runed gate.
 78839 | Tar:2    | Found a huge runed gate.
 78865 | Tar:2    | Found a huge runed gate.
 78865 | Tar:2    | Found a huge runed gate.
 78865 | Tar:2    | Found a huge runed gate.
 78865 | Tar:2    | Found a huge runed gate.
 78865 | Tar:2    | Found a huge runed gate.
 78865 | Tar:2    | Found a huge runed gate.
 78866 | Tar:2    | Found a huge runed gate.
 78867 | Tar:2    | Found a huge runed gate.
 79390 | Tar:5    | Reached skill level 10 in Throwing
 79912 | Tar:7    | Entered Level 7 of Tartarus
 79920 | Tar:7    | Noticed a dread lich
 79935 | Tar:7    | Killed a dread lich
 79969 | Tar:7    | Noticed a dread lich
 79979 | Tar:7    | Killed a dread lich
 79989 | Tar:7    | Noticed Ereshkigal
 80025 | Tar:7    | HP: 7/271 [Ereshkigal (8)]
 80029 | Tar:7    | HP: 3/269 [putrid mouth[a doom hound] (8)]
 80029 | Tar:7    | Mangled by a reaper

Illustrated notes

Levels and vault maps discovered:
D:1:      dpeg_arrival_pits, layout_loops_ring, serial_shops,
          nicolae_shop_window_shopping, shop, nicolae_shop_tiny_glass, shop,
          basic_ecumenical_altar, nicolae_concentric_dashed_squares_mild,
          minmay_nonomino_d4
D:2:      layout_loops_ring
D:3:      layout_loops_ring
D:4:      layout_basic, minitemple, minmay_temple_entry_butterflies,
          enter_ossuary_2, minmay_misc_feat_square
D:5:      layout_loops_corners, minmay_overflow_temple_star_quad,
          minmay_manual_maat, uniq_prince_ribbit1
D:6:      layout_cave_pools
D:7:      layout_basic, serial_curves, eino_curves_04, eino_curves_03
D:8:      layout_basic, nicolae_hepliaklqana_hazy_memory, dpeg_oklobed_lair,
          uniq_pikel, uniq_erica
D:9:      layout_roguey, serial_shops, shop, dk_noncrumbling_2, minmay_st_funbox
D:10:     layout_roguey, orc_0_dummy, serial_shops, nicolae_shop_peninsula,
          uniq_maggie
D:11:     kennysheep_big_flooded_room, layout_irregular_city,
          minmay_joined_circles, uniq_gastronok
D:12:     layout_small_grid
D:13:     layout_roguey, lightli_vaults_fourway_checkpoint,
          portal_ice_cave_entry_animals_and_master,
          nicolae_trove_entry_path_of_doom, kennysheep_generic_room_6
D:14:     layout_small_grid, good_gods_mini_temple, serial_shops,
          nicolae_shop_peninsula
D:15:     hangedman_depths_entry_try_elsewhere_first, layout_irregular_city,
          chequers_serial_rivers_micro_a, uniq_jorgrun
Lair:1:   layout_cave_shapes, uniq_urug, uniq_harold
Lair:2:   layout_hall_layers, elwin_shoals_entry_rooms,
          spider_nest_entry_rubble, uniq_nergalle
Lair:3:   layout_roguey, disabler_island
Lair:4:   layout_gridlike, slime_entry_1, gammafunk_ghost_ooze,
          wad_woods_river_01, serial_bayou_shore_a, lemuel_fruit_tree
Lair:5:   grunt_lair_end_beastmaster, layout_loops_ring, wad_woods_01,
          serial_bayou_shore_b
Shoals:1: layout_shoals, uniq_nikola
Shoals:2: layout_shoals, regret_index_shoals_crete
Shoals:3: layout_shoals, nicolae_shoals_pincushion_passage
Shoals:4: shoals_end_hellmonk_storm_palace [storm_palace_center_circular,
          storm_palace_corner_altar, storm_palace_corner_grid,
          storm_palace_corner_blocked, storm_palace_corner_pillars],
          serial_shops
Spider:1: layout_chambers, drop_trap, nicolae_spider_not_touching_you
Spider:2: layout_spider_delve, special_room [special_room_bee],
          hellmonk_motheaten_closet
Spider:3: layout_spider_delve
Spider:4: johnstein_spider_rune_arachne_lair, gammafunk_ghost_grave
Slime:1:  layout_caves
Slime:2:  layout_caves, cheibrodos_slime_lost_civilization_5
Slime:3:  layout_caves, nicolae_slime_crime_time
Slime:4:  layout_caves
Slime:5
Orc:1:    layout_diamond_mine, nicolae_orc_jurassic_orc
Orc:2:    st_orc_rangers, layout_caves, serial_shops, shop,
          nicolae_shop_mannequins, shop, uniq_azrael
Elf:1:    eino_elf_arrival_customs, layout_loops_corners,
          minmay_elf_annihilation
Elf:2:    elven_hall_of_blades_hangedman_original
          [infiniplex_blade_entry_pillars], layout_gridlike, minmay_elf_sorcery
Elf:3:    elf_hall, layout_geoelf_diagonals, serial_shops, shop
Vaults:1: portal_desolation_entry_salt, hangedman_vaults_snaps,
          nicolae_vaults_big_ls, vaults_room_pools,
          nicolae_vaults_cornered_office, nicolae_vaults_thirteen_compartments,
          nicolae_vaults_two_Ls, vaults_room_door_hall,
          nicolae_vaults_offset_grid_hallway_4, nicolae_vaults_sesquioval_fish,
          layout_vaults_ring, serial_shops, shop, uniq_aizul
Vaults:2: gammafunk_ghost_abyssal_escape, minmay_crypt_entry_necro_gods,
          nicolae_vaults_branching_niches, nicolae_vaults_border_crossing,
          nicolae_vaults_variable_pillar_hall, nicolae_vaults_triangles,
          vaults_room_corners, nicolae_vaults_tangram_1, hangedman_vaults_slice,
          nicolae_vaults_closet_pinwheel_1, vaults_dpeg_encased_lava,
          layout_vaults_maze, serial_shops, nicolae_book_shop_shelving
Vaults:3: nicolae_vaults_ninety_degrees, nicolae_vaults_apartment_2,
          nicolae_vaults_tangram_2, nicolae_vaults_storage_room_glass,
          v_misc_13, grunt_vaults_hallway_long, nicolae_vaults_house_1,
          layout_vaults_omnigrid, serial_shops, shop_fountains, serial_glass
Vaults:4: hangedman_vaults_pinch, v_misc_25, nicolae_vaults_house_3,
          hangedman_vaults_capsules, v_alt_pattern_2,
          nicolae_vaults_storage_room_doors, nicolae_vaults_specimen_jars,
          nicolae_vaults_house_2, vaults_dpeg_ring, layout_vaults_big_room,
          uniq_bai_suzhen, uniq_mennas
Vaults:5
Depths:1: layout_roguey, nicolae_titane, grunt_hell_entry_dis_old,
          corexii_corridor_pit, kennysheep_cross_bottleneck,
          corexii_corridor_pit, serial_sigils_hangedman_etch,
          chequers_serial_rivers_small_3, hangedman_aviary
Depths:2: hellmonk_paralyzer, layout_basic, nicolae_qazlal_style_of_elements,
          pan_entry, lightli_too_deep
Depths:3: minmay_the_grid_3x2 [minmay_the_grid_gridbox,
          minmay_the_grid_outer_circle, minmay_the_grid_doors,
          minmay_the_grid_aliased_spiral, minmay_the_grid_broken_lines,
          minmay_the_grid_prize_four_corners_diamond_a], layout_honeycomb,
          enter_ziggurat_a, abyss_entry, serial_bayou_pond_b, serial_shops,
          shop, hell_entry, minmay_shop_grove
Depths:4: grunt_zot_entry_funnels, layout_honeycomb,
          chequers_serial_rivers_large_a, hangedman_tar_grid_catacomb,
          grunt_decor_arrowhead, nemelex_spade_bored_becter
Hell
Dis:1:    layout_regular_city
Dis:2:    layout_gridville
Dis:3:    layout_jigsaw, nicolae_dis_scattering
Dis:4:    layout_gridville
Dis:6:    layout_gridville
Dis:7:    dis_st
Coc:1:    layout_cocytus_water_paths
Coc:2:    layout_cocytus_water_paths
Coc:3:    layout_ice_bergs
Coc:4:    nicolae_coc_three_mouths, layout_cocytus_delve
Coc:5:    layout_cocytus_water_paths
Coc:6:    layout_ice_bergs
Coc:7:    coc_dpeg
Tar:1:    layout_catacombs
Tar:2:    layout_cathedral_of_symmetry, door_vault
Tar:3:    layout_catacombs
Tar:4:    layout_catacombs
Tar:5:    layout_grid_maze, nicolae_tar_cuneiform_bird,
          nicolae_tar_four_comb_rooms
Tar:6:    layout_cathedral_of_symmetry
Tar:7:    tar_old
Zot:1:    layout_gridlike
Zot:2:    nicolae_zot_stationary_front, layout_gridville
Zot:3:    layout_gridlike, nicolae_zot_crop_circle
Zot:4:    layout_misc_corridors
Zot:5:    layout_misc_corridors

Skill      XL: |  1  2  3  4  5  6  7  8  9 10 11 12 13 14 15 16 17 18 19 20 21 22 23 24 25 26 27 |
---------------+----------------------------------------------------------------------------------+-----
Shields        | 4 5 6 9 10 12 13 15 16 18 19 20 21 22 23 25 26 27 | 27.0
Maces & Flails | 3 4 5 6 8 9 10 12 14 15 16 17 18 20 21 22 23 24 25 26 27 | 27.0
Armour         | 4 5 6 7 8 10 11 13 14 16 17 18 19 20 21 22 24 26 27 | 27.0
Fighting       | 4 5 6 7 9 10 11 13 15 16 17 19 20 21 23 24 26 27 | 27.0
Dodging        | 1 2 4 5 6 7 8 |  8.9
Throwing       | 1 2 3 4 5 6 7 10 | 10.7
Stealth        | 1 7 13 17 21 | 21.6
Evocations     | 4 8 11 19 | 19.2

Action                     |  1- 3 |  4- 6 |  7- 9 | 10-12 | 13-15 | 16-18 | 19-21 | 22-24 | 25-27 || total
---------------------------+-------+-------+-------+-------+-------+-------+-------+-------+-------++-------
  Melee: Flail             |   101 |   171 |   110 |       |       |       |       |       |       ||   382
         Headbutt          |    11 |    26 |    36 |   124 |   278 |   294 |   570 |   564 |  1013 ||  2916
         Morningstar       |       |       |   166 |   553 |  1459 |  1480 |   666 |       |       ||  4324
         Demon whip        |       |       |       |       |       |       |  1214 |  1892 |   624 ||  3730
         Sacred scourge    |       |       |       |       |       |       |       |       |  2242 ||  2242
  Throw: Dart              |       |       |     2 |    11 |    11 |    16 |       |       |       ||    40
         Throwing net      |       |       |     3 |     4 |       |     3 |       |       |       ||    10
         Javelin           |       |       |       |       |       |    38 |     7 |     9 |    18 ||    72
 Invoke: Call Merchant     |       |       |       |     2 |       |     4 |     2 |     2 |     2 ||    12
         Potion Petition   |       |       |       |       |       |     1 |     1 |     1 |     9 ||    12
Ability: Evoke Blink       |       |       |       |       |     1 |       |       |       |       ||     1
  Evoke: Wand              |       |       |     4 |       |     4 |    43 |    58 |    16 |    65 ||   190
         Box of beasts     |       |       |       |       |     3 |     3 |     2 |     2 |     5 ||    15
         Tin of tremorston |       |       |       |       |       |       |     4 |     2 |     6 ||    12
         Horn of Geryon    |       |       |       |       |       |       |       |       |     3 ||     3
    Use: Scroll            |       |     7 |     1 |    12 |     5 |    19 |    13 |     8 |    23 ||    88
         Potion            |       |       |     7 |       |     3 |    16 |    15 |    14 |    28 ||    83
   Stab: Distracted        |       |       |     1 |     2 |     6 |    11 |     9 |    12 |    25 ||    66
         Invisible         |       |       |     3 |       |     1 |     5 |     2 |       |     1 ||    12
         Held in net/web   |       |       |       |       |       |     1 |       |       |       ||     1
         Paralysed         |       |       |       |       |       |       |       |       |     1 ||     1
 Armour: Scale mail        |    45 |    69 |    88 |    97 |       |       |       |       |       ||   299
         Skin              |       |       |     4 |       |       |       |       |       |       ||     4
         Plate armour      |       |       |       |    68 |   886 |  1026 |   517 |       |       ||  2497
         Gold dragon scale |       |       |       |       |       |       |   349 |   619 |   805 ||  1773
  Dodge: Dodged            |    46 |    69 |    85 |   270 |   745 |   513 |   416 |   347 |   379 ||  2870
         Repelled          |       |       |       |       |       |       |    22 |    21 |    25 ||    68
  Block: Buckler           |    17 |    39 |       |       |       |       |       |       |       ||    56
         Tower shield      |       |     1 |   210 |   296 |       |       |       |       |  1701 ||  2208
         Kite shield       |       |       |       |    72 |   859 |   844 |   887 |   787 |   833 ||  4282
